 Dungeon Crawl Stone Soup version 0.31-a0-18-gea43df2a32 (webtiles) character file.

Game seed: 16614655221505162842

21 hwolsky the Conjurer (level 2, 0/18 HPs)
             Began as an Octopode Conjurer on May 10, 2023.
             Constricted to death by a ball python (1 damage)
             ... on level 1 of the Dungeon.
             The game lasted 00:01:47 (189 turns).

hwolsky the Conjurer (Octopode Conjurer)             Turns: 189, Time: 00:01:48

Health: 0/18       AC:  1    Str:  6    XL:     2   Next: 87%
Magic:  5/5        EV: 10    Int: 20    God:
Gold:   16         SH:  0    Dex: 10    Spells: 4/5 levels left

rFire   . . .        (no weapon)
rCold   . . .        (no shield)
rNeg    . . .        (helmet restricted)
rPois   .            (no amulet)
rElec   .            (no ring)
rCorr   .            (no ring)
SInv    .            (no ring)
Will    .....        (no ring)
Stlth   +++          (no ring)
HPRegen 0.23/turn    (no ring)
MPRegen 0.09/turn    (no ring)
                     (no ring)

%: no passive effects
@: constricted
A: almost no armour, amphibious, 8 rings, camouflage 1, gelatinous body 1,
(nimble swimmer 1), tentacles
a: no special abilities


You were on level 1 of the Dungeon.
You visited 1 branch of the dungeon, and saw 1 of its levels.

You collected 16 gold pieces.

Inventory:

Scrolls
 d - a scroll of fear {unknown}
Potions
 a - a potion of magic
 b - a potion of heal wounds {unknown}
 c - a potion of curing {unknown}


   Skills:
 + Level 0.9 Fighting
 - Level 2.0 Dodging
 + Level 3.2 Stealth
 - Level 2.0 Spellcasting
 * Level 4.4 Conjurations


You had 4 spell levels left.
You knew the following spells:

 Your Spells              Type           Power      Damage    Failure   Level
a - Magic Dart            Conj           76%        1d6       2%          1

Your spell library contained the following spells:

 Spells                   Type           Power      Damage    Failure   Level
 Searing Ray              Conj           38%        2d5       3%          2
 Dazzling Flash           Conj/Hex       20%        N/A       19%         3
 Fulminant Prism          Conj/Hex       5%         3d7       54%         4
 Iskenderun's Mystic Bla  Conj/Tloc      10%        2d4       54%         4


Dungeon Overview and Level Annotations

Branches:
Dungeon (1/15) Zot: 5810

Altars:


Innate Abilities, Weirdness & Mutations

You cannot wear most types of armour.
You are amphibious.
You can wear up to eight rings at the same time.
Your skin changes colour to match your surroundings (Stealth+).
Your rubbery body absorbs attacks. (AC +1, EV +1)
((You are camouflaged when in or above water. (Stealth+)))
You have tentacles for arms and can constrict up to eight enemies at once.


Message History

You see here 5 stones.
You see here 5 stones.
You see here a dart slug corpse.
A ball python and a rat come into view.
A ball python comes into view.
Found a scroll labelled DOFROERAUDA and a scroll labelled XAEROI ACUGESE.
The hobgoblin hits you. The hobgoblin closely misses you.
You barely miss the hobgoblin. You grab the hobgoblin.
You constrict the hobgoblin, but do no damage.
The ball python hisses angrily.
The hobgoblin hits you.
* * * LOW HITPOINT WARNING * * *
You tentacle-slap the hobgoblin but do no damage.
You squeeze the hobgoblin.
You kill the hobgoblin!
Found a scroll labelled GIETUILIBE.
Things that are here:
10 gold pieces; a hobgoblin corpse
There is a stone staircase leading down here.
Found a spear.
The ball python hisses angrily.
You barely miss the ball python. You grab the ball python.
You squeeze the ball python.
You kill the ball python!
You see here a ball python corpse.
The ball python closely misses you. The ball python grabs you.
The ball python constricts you.
* * * LOW HITPOINT WARNING * * *
The rat closely misses you.
You escape the ball python's grasp.
The rat closely misses you.
You tentacle-slap the rat.
You kill the rat!
The ball python bites you.
* * * LOW HITPOINT WARNING * * *
The ball python barely misses you. The ball python bites you.
* * * LOW HITPOINT WARNING * * *
The ball python grabs you. The ball python constricts you.
You die...

###### ########....#
......?.....#
######............#
#........ ).......# ##
#......#####......# .#
#......#.(.#.@....#
.###......##.##S†....#
..†.......#.†.#..>...#
..##......##.##..$...#
...#.................#
...#......#######....#
...#......#######........
#..#.....(.............?.
##.#..................##.


You could see a ball python.

Vanquished Creatures
  2 dart slugs (D:1)
  2 endoplasms (D:1)
  A goblin (D:1)
  2 hobgoblins (D:1)
  3 kobolds (D:1)
  3 ball pythons (D:1)
  3 rats (D:1)
16 creatures vanquished.

Notes
Turn   | Place    | Note
-------+----------+-------------------------------------------
     0 | D:1      | hwolsky the Octopode Conjurer began the quest for the Orb.
     0 | D:1      | Reached XP level 1. HP: 11/11 MP: 3/3
    79 | D:1      | Reached XP level 2. HP: 14/18 MP: 1/5
   189 | D:1      | Constricted to death by a ball python

Illustrated notes

Levels and vault maps discovered:
D:1:      shiori_shiawase, layout_basic, minmay_split_cup_small

Skill      XL: |  1 |
---------------+----+-----
Stealth        | 3 |  3.2
Fighting       | |  0.9
Dodging        | |  2.0
Spellcasting   | |  2.0
Conjurations   | |  4.4

Action                     || total
---------------------------++-------
  Melee: Unarmed           ||    30
         Tentacles         ||    14
         Constrict         ||     9
   Cast: Magic Dart        ||     8
 Armour: Skin              ||     1
  Dodge: Dodged            ||    21

Table legend: (Time is in decaauts)
 A = Elapsed time spent in this place.
 B = Non-inter-level travel time spent in this place.
 C = Inter-level travel time spent in this place.
 D = Time resting spent in this place.
 E = Time spent auto-exploring this place.
 F = Levels seen in this place.
 G = Mean time per level.
                   A        B        C        D        E       F      G
               +--------+--------+--------+--------+--------+-----+--------+
         Total |    189 |    189 |      0 |      0 |      0 |   1 |  189.0 |
       Dungeon |    189 |    189 |      0 |      0 |      0 |   1 |  189.0 |
               +--------+--------+--------+--------+--------+-----+--------+

Top non-repeatable levels by time:
     D:1: 189 daAuts
